Match 42880516
Unlisted

Match 42880516
End
Construct Section Command Post
Vickers Machine Gun Team
Infantry Section
Dingo Light Scout Car
Infantry Section
Construct Platoon Command Post
Grenade Package
Unlock M3 Stuart Light Tanks
M3 Stuart Light Tank
Royal Engineer Section
Selects Air and Sea Battlegroup
Selects Commando Section Paradrop
Selects M1 Pack Howitzer Paradrop
Selects Commando Section Paradrop
Selects Commando Support Section Paradrop
Commando Support Section Paradrop
Commando Section Paradrop
M3 Stuart Light Tank
Royal Engineer Section
M3 Stuart Light Tank
Selects Incendiary Bombing Run
SneaKerz
gb_gbg
Leibhusar
Parabatai
0
0

Comments sign in to comment!

No comments posted yet!